 Dungeon Crawl Stone Soup version 0.20.1-1-g8b1a95d66d (webtiles) character file.

65 Jynx the Chiller (level 4, -12/30 HPs)
             Began as a Merfolk Ice Elementalist on Dec 22, 2017.
             Killed by divine providence
             ... invoked by an orc priest
              (14 damage)
             ... on level 3 of the Dungeon.
             The game lasted 00:02:57 (2024 turns).

Jynx the Chiller (Merfolk Ice Elementalist)         Turns: 2024, Time: 00:02:58

Health: -12/30     AC:  3    Str:  8    XL:     4   Next: 14%
Magic:  7/7        EV: 13    Int: 15    God:
Gold:   73         SH:  0    Dex: 14    Spells: 7/8 levels left

rFire    . . .     SeeInvis .   g - +0 dagger
rCold    . . .     Gourm    .   (no shield)
rNeg     . . .     Faith    .   a - +0 robe
rPois    .         Spirit   .   (no helmet)
rElec    .         Reflect  .   (no cloak)
rCorr    .         Harm     .   m - +0 pair of gloves
MR       .....                  (no boots)
Stlth    ++........             (no amulet)
Regen    0.1/turn               (no ring)
MPRegen  0.1/turn               (no ring)

@: no status effects
A: change form in water, swift swim, stealthy swim
a: no special abilities


You were on level 3 of the Dungeon.
You were not hungry.

You visited 1 branch of the dungeon, and saw 3 of its levels.

You collected 73 gold pieces.

Inventory:

Hand Weapons
 g - a +0 dagger (weapon)
Armour
 a - a +0 robe (worn)
 m - a +0 pair of gloves (worn)
Jewellery
 q - an uncursed ring of poison resistance {unknown}
Scrolls
 k - 3 scrolls of remove curse
 l - 2 scrolls of amnesia {unknown}
 n - a scroll of random uselessness {unknown}
 o - a scroll of magic mapping {unknown}
 p - a scroll of fear {unknown}
Potions
 d - a potion of mutation {unknown}
 e - a potion of cancellation {unknown}
 f - 2 potions of lignification {unknown}
 i - a potion of flight {unknown}
 j - a potion of brilliance {unknown}
Books
 b - a book of Frost

   Spells                             Type                      Level
   a - Freeze                         Ice                          1
   b - Throw Frost                    Conjuration/Ice              2
   c - Ozocubu's Armour               Charms/Ice                   3
   d - Throw Icicle                   Conjuration/Ice              4
   e - Summon Ice Beast               Ice/Summoning                4
Comestibles
 c - a bread ration
 h - 8 fruits


   Skills:
 + Level 0.5 Short Blades
 - Level 2.6 Dodging
 + Level 2.6 Stealth
 + Level 2.5 Spellcasting
   Level 0.7 Conjurations
 * Level 4.6 Ice Magic


You had 7 spell levels left.
You knew the following spells:

 Your Spells              Type           Power        Failure   Level  Hunger
a - Freeze                Ice            ###.         3%          1    #......


Dungeon Overview and Level Annotations

Branches:
Dungeon (3/15)

Altars:
Fedhas
Makhleb
Sif Muna
Vehumet
Xom
Zin
The Shining One


Message History

You open the door.
Found 25 arrows.
Found a deep blue altar of Sif Muna.
There is an open door here.
An orc and an orc priest come into view.
Found two altars.
An orc priest comes into view.
The orc priest shouts! x2
The orc priest calls down the wrath of Beogh upon you.
Beogh smites you!
Found three altars.
You see here 25 arrows.
The orc priest calls down the wrath of Beogh upon you.
Pain shoots through your body!
There is an open door here.
The orc priest mumbles some strange prayers to Beogh against you.
Beogh smites you!
* * * LOW HITPOINT WARNING * * *
The orc priest invokes the aid of Beogh against you.
Beogh smites you!
You die...

#.#._.._.._.# # #.
....o.. #######
#.####...# #......
#)...#o(.#########.#####
#....#...#.........## #
#....#8.8##..#####..# #
#.#....##'###.##._.##.#
# #.........#
#..##'##..## #
###.....†@###..........#
#
##.###....#.8.....8.....
#. #........8.8.....## #
##...###.....#####.
##### ###.### ###. . #
#.# ###... .#.
########.###..... .(.
...##...........
####[###....#.####..#.


You could see 2 orc priests.

Vanquished Creatures
  3 adders
  An ooze (D:2)
  2 dart slugs
  2 leopard geckos (D:1)
  A giant cockroach (D:2)
  4 goblins
  A ball python (D:1)
  2 bats (D:1)
  7 frilled lizards
  6 kobolds
  6 rats
35 creatures vanquished.

Notes
Turn   | Place    | Note
-------+----------+-------------------------------------------
     0 | D:1      | Jynx the Merfolk Ice Elementalist began the quest for the Orb.
     0 | D:1      | Reached XP level 1. HP: 13/13 MP: 3/3
   487 | D:1      | Reached XP level 2. HP: 18/19 MP: 1/5
   780 | D:1      | Reached skill level 4 in Ice Magic
  1214 | D:2      | Reached XP level 3. HP: 18/24 MP: 3/6
  1888 | D:3      | Reached XP level 4. HP: 30/30 MP: 3/7
  1998 | D:3      | Found a glowing silver altar of Zin.
  2015 | D:3      | Found a deep blue altar of Sif Muna.
  2017 | D:3      | Found a blossoming altar of Fedhas.
  2017 | D:3      | Found a glowing golden altar of the Shining One.
  2019 | D:3      | Found a burning altar of Makhleb.
  2019 | D:3      | Found a shimmering altar of Xom.
  2019 | D:3      | Found a radiant altar of Vehumet.
  2023 | D:3      | HP: 1/30 [orc priest/divine providence (13)]
  2024 | D:3      | Killed from afar by an orc priest

Skill      XL: |  1  2 |
---------------+-------+-----
Ice Magic      | 4 |  4.6
Short Blades   | |  0.5
Dodging        | |  2.6
Stealth        | |  2.6
Spellcasting   | |  2.5
Conjurations   | |  0.7

Action                   |  1- 3 |  4- 6 || total
-------------------------+-------+-------++-------
Melee: Unarmed           |     9 |       ||     9
       Dagger            |     1 |       ||     1
 Cast: Freeze            |    54 |     5 ||    59
  Use: Scroll            |     1 |       ||     1
  Eat: Chunk             |     4 |       ||     4
Armor: Robe              |     9 |       ||     9
Dodge: Dodged            |    30 |       ||    30
